AoeStats
← So sad

Nomad

506689183Analyzed
3v3 RM · 17d ago on Sep 14, 2026· 82m 36s· 6 players
Game mode
Random Map
Map size
210×210
Population
200
Speed
Normal
Resources
Standard
Victory
Conquest
Starting age
Dark Age
Ending age
Imperial Age
RankedLock teamsTeams togetherTeam positionsShared explorationLock speedFull tech treeHidden civsTurbo modeCheats
Victory
Defeat
🇺🇦 Huns · Ukraine
1401
+17
🇧🇾 Spanish · Belarus
1400
+17
🇧🇾 Mongols · Belarus
1353
+19
🇬🇧 Malay · United Kingdom
1426
-18
🇬🇧 Bulgarians · United Kingdom
1425
-18
🇬🇧 Saracens · United Kingdom
1410
-17
So sad
5:40 Loom
13:21 Feudal Age
13:59 Town Watch
20:22 Castle Age
20:23 Padded Archer Armor
21:09 Stone Mining
24:45 Fletching
32:41 Murder Holes
37:39 Gold Mining
43:04 Imperial Age
41:59 Bodkin Arrow
41:50 Horse Collar
43:35 Wheelbarrow
43:49 Leather Archer Armor
45:01 Conscription
44:52 Bracer
47:14 Hand Cart
47:40 Masonry
48:32 Chemistry
48:49 Hoardings
48:26 Double-Bit Axe
49:53 Elite Mangudai
55:04 Thumb Ring
55:48 Stone Shaft Mining
55:49 Gold Shaft Mining
55:38 Elite Skirmisher
59:32 Heavy Plow
60:41 Ballistics
60:57 Bow Saw
70:23 Town Patrol
72:55 Light Cavalry
73:46 Bloodlines
73:37 Husbandry
74:19 Fishing Lines
77:13 Coinage
81:47 Banking
82:34 Gillnets
NiL
4:29 Loom
13:44 Feudal Age
17:49 Castle Age
15:45 Double-Bit Axe
16:03 Man-at-Arms
17:09 Fletching
17:18 Fishing Lines
20:04 Thumb Ring
20:57 Padded Archer Armor
21:30 Bodkin Arrow
24:06 Ballistics
24:42 Scale Barding Armor
25:16 Husbandry
25:26 Bloodlines
26:39 Husbandry
34:48 Chain Barding Armor
34:38 Forging
34:18 Town Watch
36:26 Wheelbarrow
36:39 Horse Collar
39:45 Hand Cart
42:45 Imperial Age
44:27 Parthian Tactics
44:12 Bracer
45:29 Parthian Tactics
46:42 Chemistry
49:40 Conscription
50:20 Crossbowman
50:24 Heavy Cavalry Archer
52:03 Elite Skirmisher
54:09 Leather Archer Armor
58:29 Atheism
62:33 Iron Casting
62:34 Plate Barding Armor
62:30 Light Cavalry
63:17 Hussar
64:03 Marauders
74:23 Gold Mining
74:27 Stone Mining
77:52 Crossbowman
82:52 Heavy Plow
HURMA
4:57 Loom
13:56 Feudal Age
14:34 Double-Bit Axe
19:05 Castle Age
17:10 Fishing Lines
18:28 Padded Archer Armor
19:24 Wheelbarrow
20:22 Gold Mining
21:25 Bloodlines
21:18 Husbandry
21:32 Bow Saw
21:42 Medium Warships
25:02 Fletching
26:16 Ballistics
27:12 Gillnets
29:40 Hand Cart
31:48 Town Watch
35:06 Leather Archer Armor
34:54 Stone Mining
36:07 Horse Collar
41:09 Imperial Age
41:50 Bodkin Arrow
42:26 Ring Archer Armor
43:03 Chemistry
42:28 Masonry
42:32 Bracer
43:24 Stone Shaft Mining
43:33 Coinage
44:26 Guilds
44:42 Forging
45:14 Conscription
45:18 Scale Barding Armor
47:26 Chain Barding Armor
47:42 Iron Casting
46:37 Elite Conquistador
49:35 Architecture
50:26 Hoardings
49:38 Cavalier
51:24 Two-Man Saw
51:21 Plate Barding Armor
51:21 Murder Holes
52:30 Blast Furnace
54:42 Plate Barding Armor
55:08 Blast Furnace
54:23 Clinker Construction
55:34 Heavy Warships
55:12 Elite Conquistador
58:21 Supremacy
59:16 Sappers
61:15 Elite Cannon Galleon
62:07 Scale Mail Armor
64:36 Light Cavalry
65:30 Hussar
68:30 Sanctity
72:23 Carvel Hull
75:27 Fortified Wall
79:52 Banking
79:22 Caravan
79:55 Banking
81:22 Paladin
Nozyspy
5:38 Loom
13:27 Feudal Age
16:57 Fletching
17:18 Double-Bit Axe
18:56 Fishing Lines
23:27 Castle Age
23:16 Bow Saw
22:28 Crossbowman
23:11 Bodkin Arrow
26:17 Ballistics
27:03 Padded Archer Armor
33:07 Scale Barding Armor
40:52 Leather Archer Armor
45:10 Imperial Age
43:17 Masonry
43:59 Arbalester
50:46 Chemistry
50:52 Bracer
52:11 Thumb Ring
54:08 Ring Archer Armor
58:30 Husbandry
58:43 Forging
59:55 Iron Casting
59:22 Squires
58:44 Pikeman
60:53 Wheelbarrow
62:43 Conscription
67:50 Hand Cart
68:57 Devotion
69:08 Town Watch
70:17 Elite Battle Elephant
Krislar
7:01 Loom
7:09 Loom
13:59 Feudal Age
15:26 Double-Bit Axe
17:50 Castle Age
17:42 Fletching
20:22 Bodkin Arrow
21:20 Gold Mining
22:35 Wheelbarrow
22:27 Padded Archer Armor
22:39 Bloodlines
22:29 Husbandry
42:29 Medium Warships
squoshmosh
6:49 Loom
12:47 Feudal Age
16:34 Castle Age
16:02 Double-Bit Axe
17:05 Fishing Lines
17:48 Bow Saw
19:15 Fletching
20:24 Stone Mining
20:25 Gold Mining
20:21 Horse Collar
23:04 Scale Barding Armor
23:39 Husbandry
35:42 Imperial Age
34:36 Wheelbarrow
34:22 Chain Barding Armor
34:16 Town Watch
34:43 Forging
35:15 Bloodlines
40:00 Gold Shaft Mining
39:14 Elite Mameluke
40:52 Town Patrol
41:37 Hoardings
42:50 Heavy Plow
43:44 Iron Casting
43:47 Plate Barding Armor
44:21 Conscription
44:55 Iron Casting
44:15 Light Cavalry
45:55 Hand Cart
47:05 Blast Furnace
47:18 Bodkin Arrow
47:46 Ballistics
47:07 Elite Skirmisher
48:49 Thumb Ring
51:38 Two-Man Saw
50:44 Padded Archer Armor
50:48 Bracer
50:48 Gillnets
51:45 Capped Ram
54:36 Chemistry
53:38 Padded Archer Armor
54:32 Siege Ram
57:25 Counterweights
62:37 Leather Archer Armor
62:33 Masonry
62:29 Siege Engineers
63:26 Heavy Camel Rider
68:30 Hussar
70:01 Murder Holes
70:39 Ring Archer Armor
69:51 Treadmill Crane
Connection lost

Rejoining the realm…

Still unreachable

The connection could not be restored.

Session expired

The server has moved on; the page needs a fresh start.